 Dungeon Crawl Stone Soup version 0.30.1-11-g7821555f0a (webtiles) character file.

Game seed: 17636258200413918465

104 Martska the Trooper (level 4, -4/36 HPs)
             Began as a Demonspawn Fighter on Dec 13, 2023.
             Was a Believer of Kikubaaqudgha.
             Slain by Natasha (5 damage)
             ... on level 3 of the Dungeon.
             The game lasted 00:05:12 (1272 turns).

Martska the Trooper (Demonspawn Fighter)            Turns: 1272, Time: 00:05:14

Health: -4/36      AC:  9    Str: 17    XL:     4   Next: 52%
Magic:  5/5        EV: 10    Int: 11    God:    Kikubaaqudgha [**....]
Gold:   104        SH:  5    Dex: 18    Spells: 5/5 levels left

rFire   . . .        a - +0 trident
rCold   . . .        c - +0 buckler
rNeg    . . .        b - +0 scale mail
rPois   .            (no helmet)
rElec   .            (no cloak)
rCorr   .            n - +0 pair of gloves
SInv    .            x - +0 pair of boots
Will    .....        (no amulet) Stlth
                     t - +6 ring of dexterity
HPRegen 0.26/turn    (no ring)
MPRegen 0.09/turn

%: no passive effects
@: slowed, very slow
A: demonic magic 1, weakness stinger 1
a: Renounce Religion, Unearth Wretches


You were on level 3 of the Dungeon.
You worshipped Kikubaaqudgha.
Kikubaaqudgha was pleased with you.
You visited 1 branch of the dungeon, and saw 3 of its levels.

You collected 104 gold pieces.

Inventory:

Hand Weapons
 a - a +0 trident (weapon)
Armour
 b - a +0 scale mail (worn)
 c - a +0 buckler (worn)
 n - a +0 pair of gloves (worn)
 x - a +0 pair of boots (worn)
Jewellery
 t - a +6 ring of dexterity (left hand)
 w - a ring of ice
Scrolls
 e - a scroll of noise {unknown}
 g - 2 scrolls of teleportation {unknown}
 h - 3 scrolls of brand weapon {unknown}
 i - a scroll of blinking {unknown}
 k - a scroll of enchant armour {unknown}
 q - a scroll of fear {unknown}
 r - a scroll of identify {unknown}
 s - a scroll of fog {unknown}
 u - 2 scrolls of immolation {unknown}
Potions
 d - 2 potions of might
 f - a potion of berserk rage {unknown}
 j - a potion of curing {unknown}
 l - a potion of attraction {unknown}
 m - a potion of haste {unknown}
 o - a potion of resistance {unknown}
 p - a potion of lignification {unknown}
 v - a potion of ambrosia {unknown}


   Skills:
 * Level 3.6 Fighting
 - Level 1.7 Polearms
 + Level 2.9 Armour
 * Level 1.8 Dodging
 + Level 3.0 Shields
 + Level 1.3 Spellcasting
 + Level 1.3 Necromancy


You had 5 spell levels left.
You didn't know any spells.
Your spell library contained the following spells:

 Spells                   Type           Power      Damage    Failure   Level
 Necrotise                Necr           12%        1d4       63%         1
 Kiss of Death            Conj/Necr      8%         2d6       71%         1
 Sublimation of Blood     Necr           3%         N/A       77%         2
 Vampiric Draining        Necr           3%         2d6       94%         3


Dungeon Overview and Level Annotations

Branches:
Dungeon (3/15)

Altars:
Kikubaaqudgha
Sif Muna

Shops:
D:1 :

Annotations:
D:3 Natasha


Innate Abilities, Weirdness & Mutations

Spells you cast may paralyse adjacent enemies.
You have a small tail.


Message History

Natasha casts a spell at you. The magic dart hits you. Natasha claws you.
* * * LOW HITPOINT WARNING * * *
You hit Natasha.
Natasha is heavily wounded.
Natasha claws you but does no damage. Natasha closely misses you.
You hit Natasha but do no damage.
Natasha is heavily wounded.
You block Natasha's attack. Natasha casts a spell at you.
You feel as though you will be slow longer.
You hit Natasha.
Natasha is severely wounded.
Natasha stares at you and mumbles some strange words.
The magic dart hits you.
* * * LOW HITPOINT WARNING * * *
You barely miss Natasha.
Natasha is severely wounded.
Natasha claws you.
* * * LOW HITPOINT WARNING * * *
Natasha barely misses you.
A frilled lizard comes into view.
You closely miss Natasha. You tail-slap Natasha.
Natasha is almost dead.
Natasha misses you. x2
You closely miss Natasha.
Natasha is almost dead.
Natasha barely misses you. Natasha claws you but does no damage.
You closely miss Natasha.
Natasha is almost dead.
Natasha claws you but does no damage.
The frilled lizard hisses.
Natasha misses you.
You hit Natasha but do no damage.
Natasha is almost dead.
Natasha claws you.
* * * LOW HITPOINT WARNING * * *
Natasha claws you.
You die...
Kikubaaqudgha rasps: "You have failed me!
Welcome... death!"

... #... #.. #..
#.# . #.#
....####†#######
.....lh@?.......
....####.######
. #.# #.# .
#.####..#
#.####......# #.
#.......##### #.
..#####..†...#
#. #...###.# #
#.


You could see Natasha and a frilled lizard.

Vanquished Creatures
  Natasha (D:3)
  2 adders (D:3)
  A worm (D:2)
  2 dart slugs
  5 bats
  4 endoplasms
  A giant cockroach (D:2)
  4 goblins
  7 hobgoblins
  9 kobolds
  2 quokkas (D:2)
  4 ball pythons
  4 frilled lizards
  9 rats
55 creatures vanquished.

Notes
Turn   | Place    | Note
-------+----------+-------------------------------------------
     0 | D:1      | Martska the Demonspawn Fighter began the quest for the Orb.
     0 | D:1      | Reached XP level 1. HP: 18/18 MP: 1/1
    17 | D:1      | Found a faded altar of an unknown god.
    43 | D:1      | Prayed at the altar of an unknown god.
    43 | D:1      | Became a worshipper of Kikubaaqudgha
    43 | D:1      | Reached * piety under Kikubaaqudgha
    43 | D:1      | Received a gift from Kikubaaqudgha
   103 | D:1      | Gained mutation: Spells you cast may paralyse adjacent
                  | enemies. [demonic ancestry]
   103 | D:1      | Reached XP level 2. HP: 24/24 MP: 2/2
   255 | D:1      | Found Qipres's Book Emporium.
   269 | D:1      | Reached skill level 1 in Dodging
   377 | D:1      | Gained mutation: You have a small tail. [demonic ancestry]
   377 | D:1      | Reached XP level 3. HP: 29/29 MP: 2/4
   672 | D:2      | Reached ** piety under Kikubaaqudgha
   765 | D:2      | Reached skill level 1 in Spellcasting
   826 | D:2      | Reached skill level 1 in Necromancy
   870 | D:2      | Found a shimmering blue altar of Sif Muna.
  1124 | D:3      | Reached XP level 4. HP: 35/35 MP: 5/5
  1179 | D:3      | Noticed Natasha
  1184 | D:3      | Killed Natasha
  1245 | D:3      | Noticed Natasha
  1272 | D:3      | HP: 1/36 [Natasha (5)]
  1272 | D:3      | Slain by Natasha

Illustrated notes

Levels and vault maps discovered:
D:1:      spicycebolla_arrival_xxxplode, layout_basic, serial_shops,
          nicolae_shop_behind_doors, basic_ecumenical_altar,
          hangedman_decor_riveting, chequers_serial_rivers_micro_e
D:2:      layout_basic, basic_altar, minmay_misc_feat_diagonals,
          dk_noncrumbling_2
D:3:      layout_rooms, palyth_stone_intersect, uniq_natasha

Skill      XL: |  1  2  3  4 |
---------------+-------------+-----
Dodging        | 1 |  1.8
Spellcasting   | 1 |  1.3
Necromancy     | 1 |  1.3
Shields        | 3 |  3.0
Fighting       | |  3.6
Polearms       | |  1.7
Armour         | |  2.9

Action                     |  1- 3 |  4- 6 || total
---------------------------+-------+-------++-------
  Melee: Trident           |   102 |    42 ||   144
         Tailslap          |     4 |     6 ||    10
 Armour: Scale mail        |    31 |    15 ||    46
  Dodge: Dodged            |    31 |    16 ||    47
  Block: Buckler           |    16 |    10 ||    26
